 Dungeon Crawl Stone Soup version 0.29.0-11-gd7f09526c8 (webtiles) character file.

Game seed: 958992806002780095

2579 Snarg the Jinx (level 9, -4/39 HPs)
             Began as a Spriggan Conjurer on Sept 2, 2022.
             Was an Initiate of Gozag.
             Slain by a two-headed ogre
             ... wielding a +0 giant spiked club
              (24 damage)
             ... on level 6 of the Dungeon on Sept 4, 2022.
             The game lasted 00:40:03 (8477 turns).

Snarg the Jinx (Spriggan Conjurer)                  Turns: 8477, Time: 00:40:03

Health: -4/39      AC:  4    Str:  3    XL:     9   Next: 32%
Magic:  16/25      EV: 19    Int: 24    God:    Gozag
Gold:   398        SH:  0    Dex: 13    Spells: 4/16 levels left

rFire   . . .      SeeInvis +   a - +5 dagger
rCold   . . .      Faith    .   (no shield)
rNeg    . . .      Spirit   .   m - +1 robe
rPois   +          Reflect  .   (helmet restricted)
rElec   .          Harm     .   y - +0 cloak
rCorr   .          Rampage  .   (gloves unavailable)
Will    +....                   (boots unavailable)
Stlth   +++.......              (no amulet)
HPRegen 0.13/turn               t - ring of poison resistance
MPRegen 0.19/turn               H - ring of magical power

@: very quick
A: very small, no large weapons, unfitting armour, see invisible, speed 3
a: Renounce Religion, Potion Petition, Call Merchant, Bribe Branch


You were on level 6 of the Dungeon.
You worshipped Gozag.
Gozag was aware of your devotion.
You visited 2 branches of the dungeon, and saw 7 of its levels.
You also visited: Ossuary.

You collected 554 gold pieces.
You paid 156 gold pieces to Gozag.

Inventory:

Hand Weapons
 a - a +5 dagger (weapon)
 g - a +0 short sword
 l - a +2 sling of freezing
 D - a +2 whip of freezing
 E - a +0 rapier of venom
Missiles
 c - 50 stones
 v - 9 poisoned darts
 w - 4 boomerangs of dispersal
 B - 2 boomerangs
Armour
 m - a +1 robe (worn)
 u - an orb of guile
 y - a +0 cloak (worn)
Magical Staves
 b - a staff of conjuration
Jewellery
 f - a ring of protection from cold
 s - a ring of protection from fire
 t - a ring of poison resistance (left hand)
 H - a ring of magical power (right hand)
Wands
 e - a wand of flame (14)
Scrolls
 h - 2 scrolls of vulnerability {unknown}
 i - a scroll of enchant armour
 j - 3 scrolls of teleportation
 k - 2 scrolls of amnesia
 p - a scroll of enchant weapon
 x - a scroll of summoning {unknown}
 A - a scroll of silence {unknown}
 I - a scroll of magic mapping {unknown}
Potions
 d - 4 potions of heal wounds
 n - 2 potions of mutation
 o - a potion of attraction {unknown}
 q - a potion of invisibility {unknown}
 r - a potion of magic
 z - 3 potions of curing
 C - a potion of might
 F - a potion of ambrosia {unknown}
 G - a potion of brilliance


   Skills:
 + Level 3.6 Short Blades
 - Level 0.3 Ranged Weapons
 - Level 1.4 Throwing
 + Level 6.0 Dodging
 - Level 5.0 Stealth
 - Level 4.2 Spellcasting
 + Level 6.5 Conjurations
 * Level 8.1 Hexes
 - Level 3.0 Translocations
 + Level 1.9 Evocations


You had 4 spell levels left.
You knew the following spells:

 Your Spells              Type           Power      Damage    Failure   Level
a - Magic Dart            Conj           100%       1d8       1%          1
b - Searing Ray           Conj           72%        2d7       1%          2
c - Dazzling Flash        Conj/Hex       80%        N/A       1%          3
d - Fulminant Prism       Conj/Hex       20%        3d13      4%          4
e - Blink                 Tloc           38%        N/A       4%          2

Your spell library contained the following spells:

 Spells                   Type           Power      Damage    Failure   Level
 Iskenderun's Mystic Bla  Conj/Tloc      28%        2d7       13%         4
 Manifold Assault         Tloc           19%        N/A       61%         5
 Storm Form               Tmut/Air       2%         N/A       100%        7


Dungeon Overview and Level Annotations

Branches:
Dungeon (6/15)             Temple (1/1) D:6         Ossuary (visited)

Altars:
Ashenzari
Cheibriados
Dithmenos
Elyvilon
Fedhas
Gozag
Kikubaaqudgha
Makhleb
Nemelex Xobeh
Okawaru
Qazlal
Ru
Sif Muna
Trog
Uskayaw
Vehumet
Wu Jian
Xom
Yredelemnul
Zin
The Shining One

Shops:
D:1 !

Annotations:
D:1 clr
D:2 clr
D:3 rtrn, flight or dig
D:4 Grinder


Innate Abilities, Weirdness & Mutations

You are very small and have problems with some larger weapons.
You are too small for most types of armour.
You have supernaturally acute eyesight. (SInv)
You cover ground extremely quickly. (Speed+++)


Message History

The magic dart hits the jelly.
You kill the jelly!
You can't see any susceptible monsters within range! (Use Z to cast anyway.)
You can't see any susceptible monsters within range! (Use Z to cast anyway.)
A two-headed ogre is nearby!
The magic dart hits the two-headed ogre.
The two-headed ogre is lightly wounded.
The two-headed ogre shouts in stereo!
Casting: Magic Dart (safe; 1% risk of failure)
Confirm with . or Enter, or press ? or * to list all spells.
The spell is quite dangerous to miscast (4% risk of failure)!
Continue anyway?
Aiming: Fulminant Prism (quite dangerous; 4% risk of failure)
Press: ? - help, Dir - move target You conjure a prism of explosive energy!
A fulminant prism comes into view.
Your fulminant prism crackles loudly.
Casting: Fulminant Prism (quite dangerous; 4% risk of failure)
Confirm with . or Enter, or press ? or * to list all spells.
Aiming: Searing Ray (safe; 1% risk of failure)
Press: ? - help, Shift-Dir - straight line, f - two-headed ogre
Aim: a two-headed ogre, wielding two +0 giant spiked clubs (lightly wounded, ally target, 91% to hit)
The searing ray hits the two-headed ogre.
The two-headed ogre is lightly wounded. (Press . to maintain the ray.)
Your fulminant prism explodes!
The blast of energy engulfs the two-headed ogre!!
The two-headed ogre is heavily wounded.
You hear a shout!
The searing ray hits the two-headed ogre!
The two-headed ogre is severely wounded.
The searing ray hits the two-headed ogre!
The two-headed ogre is almost dead.
You finish channelling your searing ray.
The two-headed ogre closely misses you. x2
You hit the two-headed ogre.
The two-headed ogre is almost dead.
The two-headed ogre hits you with a +0 giant spiked club!! x2
Ouch! That really hurt!
You die...
Your body crumbles into a pile of gold.

..........#..........#
###########..........#
.### #..........# ...####
##..........# ##....##
#......$....# ####..#
#.........###
##.###.....<.#.#
#####...)).......#.#
.........#......@#.##
##..####.#.....O.#...## #
##..# #.........###..#.#
#...## ####..##### #.#.
..#..## ##.# #..
..#...#### #.. #.#
#.#.#....# ###O######*#
)###.....#####.....$.z###
..#...#...>.######.##...#


You could see a two-headed ogre.

Vanquished Creatures
  Pikel (D:3)
  Eustachio (D:5)
  Edmund (D:4)
  Duvessa (D:5)
  2 black bears (D:5)
  An ice beast (D:5)
  An ogre (D:6)
  A phantom (D:5)
  A kobold brigand (D:6)
  A necrophage (D:4)
  3 scorpions
  5 wights (D:6)
  Dowan (D:5)
  2 jellies
  2 orc priests (D:6)
  A gnoll bouda (D:5)
  Jessica (D:3)
  Ijyb (D:4)
  7 iguanas
  8 mummies (Ossuary)
  12 gnolls
  10 adders
  A shadow imp (D:4)
  A white imp (D:6)
  An ufetubus (D:6)
  A worm (D:2)
  A dart slug (D:5)
  2 orcs
  4 ball pythons
  6 endoplasms
  2 giant cockroaches
  2 goblins (D:1)
  5 hobgoblins
  2 quokkas
  3 bats
  5 frilled lizards
  3 gnoll zombies (Ossuary)
  2 hobgoblin zombies (Ossuary)
  10 kobolds
  2 kobold zombies (Ossuary)
  An orc zombie (Ossuary)
  5 rats
123 creatures vanquished.

Vanquished Creatures (others)
  16 fulminant prisms
16 creatures vanquished.

Grand Total: 139 creatures vanquished

Notes
Turn   | Place    | Note
-------+----------+-------------------------------------------
     0 | D:1      | Snarg the Spriggan Conjurer began the quest for the Orb.
     0 | D:1      | Reached XP level 1. HP: 9/9 MP: 5/5
   220 | D:1      | Reached XP level 2. HP: 13/13 MP: 1/6
   871 | D:1      | Found Xeulobuc's Distillery.
  1376 | D:2      | Reached skill level 1 in Short Blades
  1376 | D:2      | Reached XP level 3. HP: 16/16 MP: 3/8
  1381 | D:2      | Learned a level 2 spell: Searing Ray
  1385 | D:2      | Learned a level 3 spell: Dazzling Flash
  1388 | D:2      | Learned a level 2 spell: Blink
  1678 | D:2      | Identified the +1 leather armour "Wifatt" {*Corrode Int+5
                  | Stlth+}
  1900 | D:2      | You fall into a shaft and drop 2 floors!
  1906 | D:4      | Noticed Ijyb
  2097 | D:3      | Reached XP level 4. HP: 21/21 MP: 6/9
  2289 | D:4      | Found a sand-covered staircase.
  2303 | Ossuary  | Entered an ossuary
  2312 | Ossuary  | Reached skill level 1 in Translocations
  2476 | Ossuary  | Reached skill level 1 in Hexes
  2755 | Ossuary  | Reached XP level 5. HP: 24/24 MP: 4/10
  3131 | D:4      | Reached skill level 2 in Hexes
  3590 | D:3      | Found a faded altar of an unknown god.
  3775 | D:3      | Found a shimmering blue altar of Sif Muna.
  3790 | D:3      | Found a sparkling altar of Nemelex Xobeh.
  3815 | D:3      | Found a white marble altar of Elyvilon.
  3831 | D:3      | Found a stormy altar of Qazlal.
  3900 | D:3      | Noticed Jessica
  3904 | D:3      | Killed Jessica
  3905 | D:3      | Reached XP level 6. HP: 28/28 MP: 9/12
  3916 | D:3      | Learned a level 4 spell: Fulminant Prism
  4156 | D:4      | Killed Ijyb
  4287 | D:4      | Noticed Edmund
  4393 | D:5      | Entered Level 5 of the Dungeon
  4398 | D:5      | Reached skill level 3 in Hexes
  4740 | D:5      | Noticed Eustachio
  4883 | D:4      | Reached skill level 5 in Stealth
  4988 | D:4      | Killed Edmund
  4989 | D:4      | Reached skill level 4 in Hexes
  4989 | D:4      | Reached XP level 7. HP: 32/32 MP: 8/14
  5219 | D:4      | Noticed Grinder
  5515 | D:5      | Found a bloodstained altar of Trog.
  5584 | D:4      | Reached skill level 5 in Hexes
  5966 | D:5      | Found an ornate altar of the Wu Jian Council.
  6245 | D:4      | Noticed Pikel
  6305 | D:3      | Killed Pikel
  6306 | D:3      | Reached skill level 1 in Throwing
  6306 | D:3      | Reached skill level 5 in Conjurations
  6306 | D:3      | Reached skill level 6 in Hexes
  6306 | D:3      | Reached skill level 1 in Evocations
  6306 | D:3      | Reached XP level 8. HP: 21/36 MP: 3/15
  6530 | D:5      | Noticed Duvessa
  6531 | D:5      | Noticed Dowan
  6539 | D:5      | Killed Duvessa
  6539 | D:5      | Killed Dowan
  6697 | D:5      | Reached skill level 7 in Hexes
  6924 | D:5      | Reached skill level 5 in Dodging
  7105 | D:5      | Killed Eustachio
  7472 | D:6      | Found a staircase to the Ecumenical Temple.
  7479 | Temple   | Entered the Ecumenical Temple
  7558 | Temple   | Became a worshipper of Gozag Ym Sagoz the Greedy
  7682 | D:6      | Reached XP level 9. HP: 39/39 MP: 10/16
  7956 | D:6      | Noticed a two-headed ogre
  8330 | D:6      | Reached skill level 8 in Hexes
  8477 | D:6      | Slain by a two-headed ogre

Illustrated notes

Levels and vault maps discovered:
D:1:      dpeg_arrival_morbid_curiosity, layout_basic, serial_shops, shop,
          corexii_item_surrounded_by_moat, hex_medium
D:2:      layout_basic
D:3:      layout_rooms, nicolae_overflow_quartered_altars,
          shapermc_ecumenical_altar_notcrosses, lemuel_another_geyser,
          uniq_jessica
D:4:      layout_gridville, enter_ossuary_3, uniq_edmund, uniq_ijyb,
          uniq_grinder, uniq_pikel
D:5:      layout_rooms, trog_three_pillars_becter, nicolae_wu_jian_wuxing_cycle,
          uniq_eustachio, uniq_duvessa
D:6:      layout_rooms, minmay_temple_entry_arrows
Temple:   regret_index_temple_waves

Skill      XL: |  1  2  3  4  5  6  7  8  9 |
---------------+----------------------------+-----
Conjurations   | 3 4 5 6 |  6.5
Short Blades   | 1 2 3 |  3.6
Spellcasting   | 3 4 |  4.2
Dodging        | 3 4 5 6 |  6.0
Translocations | 1 2 3 |  3.0
Hexes          | 1 2 4 6 7 8 |  8.1
Stealth        | 4 5 |  5.0
Throwing       | 1 |  1.4
Evocations     | 1 |  1.9
Ranged Weapons | |  0.3

Action                   |  1- 3 |  4- 6 |  7- 9 || total
-------------------------+-------+-------+-------++-------
Melee: Short sword       |    10 |       |       ||    10
       Dagger            |       |    16 |    42 ||    58
       Staff             |       |     8 |       ||     8
       Punch             |       |       |     1 ||     1
 Fire: Sling             |       |    19 |       ||    19
Throw: Dart              |       |     1 |     6 ||     7
 Cast: Magic Dart        |    64 |    55 |    40 ||   159
       Searing Ray       |       |    20 |    30 ||    50
       Dazzling Flash    |       |     1 |     3 ||     4
       Blink             |       |       |     5 ||     5
       Fulminant Prism   |       |       |    16 ||    16
Evoke: Wand              |       |     1 |     2 ||     3
  Use: Scroll            |     1 |    13 |     1 ||    15
       Potion            |       |     1 |       ||     1
 Stab: Sleeping          |       |     1 |     3 ||     4
       Invisible         |       |       |     2 ||     2
       Distracted        |       |       |     1 ||     1
Armor: Robe              |     3 |     1 |     6 ||    10
Dodge: Dodged            |    19 |    24 |    50 ||    93
